TOP OF THE 1ST |
San Diego Smashers batting - Pitching for Riverside Red Bulls : LHP Monty Williams
|
Pitching: LHP Monty Williams
|
|
Batting: RHB Gustavo Torres
|
0-0: Ball 1-0: Swinging Strike 1-1: Foul Ball, location: 2F 1-2: Ball 2-2: Ball 3-2: Base on Balls
|
Batting: LHB Joe Baker
|
0-0: Ball 1-0: Called Strike 1-1: Ball 2-1: Foul Ball, location: 2F 2-2: Grounds into double play, 6-4-3 (Groundball, 6)
|
Batting: LHB Jaime Icaza
|
0-0: Called Strike 0-1: Foul Ball, location: 2F 0-2: Ball 1-2: Foul Ball, location: 2F 1-2: Strikes out swinging
|
Top of the 1st over - 0 run(s), 0 hit(s), 0 error(s), 0 left on base; San Diego 0 - Riverside 0 |
BOTTOM OF THE 1ST |
Riverside Red Bulls batting - Pitching for San Diego Smashers : RHP Craig Lewis
|
Pitching: RHP Craig Lewis
|
|
Batting: RHB José García
|
0-0: Ball 1-0: Foul Ball, location: 2F 1-1: Ball 2-1: Foul Ball, location: 2F 2-2: Strikes out swinging
|
Batting: RHB Robert Stevens
|
0-0: Called Strike 0-1: Called Strike 0-2: Ball 1-2: Ball 2-2: Ground out 6-3 (Groundball, 6)
|
Batting: SHB Enrique Uribe
|
0-0: Ball 1-0: Foul Ball, location: 2F 1-1: Ball 2-1: Ground out 5-3 (Groundball, 56)
|
Bottom of the 1st over - 0 run(s), 0 hit(s), 0 error(s), 0 left on base; San Diego 0 - Riverside 0 |
TOP OF THE 2ND |
San Diego Smashers batting - Pitching for Riverside Red Bulls : LHP Monty Williams
|
Batting: SHB Michael Aisher
|
0-0: Ground out 5-3 (Groundball, 56)
|
Batting: RHB Javier González
|
0-0: Swinging Strike 0-1: Ball 1-1: Foul Ball, location: 2F 1-2: Strikes out swinging
|
Batting: RHB Fred Ameris
|
0-0: Ball 1-0: Ball 2-0: Swinging Strike 2-1: Ball 3-1: Swinging Strike 3-2: Base on Balls
|
Batting: LHB Michael Myers
|
0-0: Called Strike 0-1: Ball 1-1: DOUBLE (Line Drive, 9LM) Fred Ameris to third Runner from 3rd tries for Home, SAFE, no throw
|
Batting: RHB Larry Turner
|
0-0: Foul Ball, location: 2F 0-1: Ball 1-1: Called Strike 1-2: Ground out 5-3 (Groundball, 56)
|
Top of the 2nd over - 1 run(s), 1 hit(s), 0 error(s), 1 left on base; San Diego 1 - Riverside 0 |
BOTTOM OF THE 2ND |
Riverside Red Bulls batting - Pitching for San Diego Smashers : RHP Craig Lewis
|
Batting: RHB Patrick Daniels
|
0-0: Called Strike 0-1: Called Strike 0-2: Ball 1-2: Ground out U3 (Groundball, 34)
|
Batting: LHB William Wolf
|
0-0: Called Strike 0-1: Foul Ball, location: 2F 0-2: Foul Ball, location: 2F 0-2: Ball 1-2: Ball 2-2: Ball 3-2: Fly out, F7 (Flyball, 7LMF)
|
Batting: RHB Gilberto Tovar
|
0-0: Foul Ball, location: 2F 0-1: Fly out, F8 (Flyball, 8LS)
|
Bottom of the 2nd over - 0 run(s), 0 hit(s), 0 error(s), 0 left on base; San Diego 1 - Riverside 0 |
TOP OF THE 3RD |
San Diego Smashers batting - Pitching for Riverside Red Bulls : LHP Monty Williams
|
Batting: RHB Nate Atkinson
|
0-0: Ball 1-0: Ball 2-0: Ball 3-0: Called Strike 3-1: Fly out, F5 (Line Drive, 56)
|
Batting: RHB Gustavo Torres
|
0-0: SINGLE (Groundball, 56D)
|
Batting: LHB Joe Baker
|
0-0: Foul Ball, location: 2F 0-1: Ball 1-1: Swinging Strike 1-2: Foul Ball, location: 2F 1-2: Ground out 4-3 (Groundball, 34D) Gustavo Torres to second
|
Batting: LHB Jaime Icaza
|
0-0: Ball 1-0: Fly out, F8 (Flyball, 8RXD)
|
Top of the 3rd over - 0 run(s), 1 hit(s), 0 error(s), 1 left on base; San Diego 1 - Riverside 0 |
BOTTOM OF THE 3RD |
Riverside Red Bulls batting - Pitching for San Diego Smashers : RHP Craig Lewis
|
Batting: RHB Fernando Bórquez
|
0-0: Called Strike 0-1: Ball 1-1: Ground out 4-3 (Groundball, 4)
|
Batting: RHB Lakota O'Reilly
|
0-0: Foul Ball, location: 2F 0-1: Ground out U3 (Groundball, 34)
|
Batting: RHB Harvey Mawhinney
|
0-0: Ball 1-0: Ball 2-0: Fly out, F9 (Flyball, 9S)
|
Bottom of the 3rd over - 0 run(s), 0 hit(s), 0 error(s), 0 left on base; San Diego 1 - Riverside 0 |
TOP OF THE 4TH |
San Diego Smashers batting - Pitching for Riverside Red Bulls : LHP Monty Williams
|
Batting: SHB Michael Aisher
|
0-0: Ball 1-0: Ball 2-0: Ball 3-0: Called Strike 3-1: Base on Balls
|
Batting: RHB Javier González
|
0-0: Ball 1-0: Ball 2-0: Ball 3-0: Called Strike 3-1: Grounds into double play, 6-4-3 (Groundball, 6)
|
Batting: RHB Fred Ameris
|
0-0: Called Strike 0-1: Swinging Strike 0-2: Ball 1-2: Ball 2-2: Hit by Pitch
|
Batting: LHB Michael Myers
|
0-0: Ball 1-0: Swinging Strike 1-1: Swinging Strike 1-2: Strikes out looking
|
Top of the 4th over - 0 run(s), 0 hit(s), 0 error(s), 1 left on base; San Diego 1 - Riverside 0 |
BOTTOM OF THE 4TH |
Riverside Red Bulls batting - Pitching for San Diego Smashers : RHP Craig Lewis
|
Batting: RHB José García
|
0-0: Ball 1-0: Called Strike 1-1: Foul Ball, location: 2F 1-2: Strikes out swinging
|
Batting: RHB Robert Stevens
|
0-0: Ground out 1-3 (Groundball, 13)
|
Batting: SHB Enrique Uribe
|
0-0: Called Strike 0-1: Swinging Strike 0-2: Fly out, F7 (Flyball, 78M)
|
Bottom of the 4th over - 0 run(s), 0 hit(s), 0 error(s), 0 left on base; San Diego 1 - Riverside 0 |
TOP OF THE 5TH |
San Diego Smashers batting - Pitching for Riverside Red Bulls : LHP Monty Williams
|
Batting: RHB Larry Turner
|
0-0: Foul Ball, location: 2F 0-1: Ball 1-1: Called Strike 1-2: SINGLE (Groundball, 5D)
|
Pinch Runner at 1st Manny Torrez:
|
|
Batting: RHB Nate Atkinson
|
0-0: DOUBLE (Line Drive, 7D) Manny Torrez to third
|
Batting: RHB Gustavo Torres
|
0-0: Intentional Walk
|
Batting: LHB Joe Baker
|
0-0: Ball 1-0: Ball 2-0: DOUBLE (Line Drive, 9LM) Manny Torrez scores Nate Atkinson scores Gustavo Torres to third
|
Batting: LHB Jaime Icaza
|
0-0: Intentional Walk
|
Batting: SHB Michael Aisher
|
0-0: Ball 1-0: Called Strike 1-1: Swinging Strike 1-2: Grounds into double play, 6-4-3 (Groundball, 6) Gustavo Torres scores Joe Baker to third
|
Batting: RHB Javier González
|
0-0: Ball 1-0: Ball 2-0: Ground out 6-3 (Groundball, 6)
|
Top of the 5th over - 3 run(s), 3 hit(s), 0 error(s), 1 left on base; San Diego 4 - Riverside 0 |
BOTTOM OF THE 5TH |
Riverside Red Bulls batting - Pitching for San Diego Smashers : RHP Craig Lewis
|
Now at 3B: Ray Rogers
|
|
Batting: RHB Patrick Daniels
|
0-0: Ball 1-0: Foul Ball, location: 2F 1-1: Foul Ball, location: 2F 1-2: Ball 2-2: SOLO HOME RUN (Line Drive, 7LD), Distance : 402 ft
|
Batting: LHB William Wolf
|
0-0: Ball 1-0: Called Strike 1-1: Ball 2-1: Foul Ball, location: 2F 2-2: Strikes out swinging
|
Batting: RHB Gilberto Tovar
|
0-0: Foul Ball, location: 2F 0-1: Foul Ball, location: 2F 0-2: Foul Ball, location: 2F 0-2: Ball 1-2: Ball 2-2: Foul Ball, location: 2F 2-2: Foul Ball, location: 2F 2-2: Ball 3-2: Fly out, F8 (Flyball, 8LD)
|
Batting: RHB Fernando Bórquez
|
0-0: Ball 1-0: Called Strike 1-1: Swinging Strike 1-2: Ground out 6-3 (Groundball, 6)
|
Bottom of the 5th over - 1 run(s), 1 hit(s), 0 error(s), 0 left on base; San Diego 4 - Riverside 1 |
TOP OF THE 6TH |
San Diego Smashers batting - Pitching for Riverside Red Bulls : LHP Monty Williams
|
Batting: RHB Fred Ameris
|
0-0: Called Strike 0-1: Ball 1-1: Ball 2-1: Foul Ball, location: 2F 2-2: SOLO HOME RUN (Flyball, 78XD), Distance : 415 ft
|
Batting: LHB Michael Myers
|
0-0: Called Strike 0-1: Ball 1-1: Ball 2-1: Called Strike 2-2: Ground out 6-3 (Groundball, 6)
|
Pitching: RHP Máximo Salazar
|
|
Batting: RHB Ray Rogers
|
0-0: Ball 1-0: Called Strike 1-1: Called Strike 1-2: Foul Ball, location: 2F 1-2: Ball 2-2: Strikes out swinging
|
Batting: RHB Nate Atkinson
|
0-0: Ball 1-0: Foul Ball, location: 2F 1-1: Fly out, F9 (Flyball, 9S)
|
Top of the 6th over - 1 run(s), 1 hit(s), 0 error(s), 0 left on base; San Diego 5 - Riverside 1 |
BOTTOM OF THE 6TH |
Riverside Red Bulls batting - Pitching for San Diego Smashers : RHP Craig Lewis
|
Batting: RHB Lakota O'Reilly
|
0-0: Ball 1-0: Ball 2-0: SINGLE (Groundball, 4D)
|
Batting: RHB Harvey Mawhinney
|
0-0: Called Strike Pickoff Throw to First - Out! 0-1: Ball 1-1: Swinging Strike 1-2: Ball 2-2: Strikes out swinging
|
Batting: RHB José García
|
0-0: Foul Ball, location: 2F 0-1: Swinging Strike 0-2: Foul Ball, location: 2F 0-2: Ball 1-2: Ball 2-2: Ball 3-2: Ground out 5-3 (Groundball, 56S)
|
Bottom of the 6th over - 0 run(s), 1 hit(s), 0 error(s), 0 left on base; San Diego 5 - Riverside 1 |
TOP OF THE 7TH |
San Diego Smashers batting - Pitching for Riverside Red Bulls : RHP Máximo Salazar
|
Batting: RHB Gustavo Torres
|
0-0: Ball 1-0: Foul Ball, location: 2F 1-1: Swinging Strike 1-2: Ball 2-2: Ball 3-2: Strikes out swinging
|
Batting: LHB Joe Baker
|
0-0: Ball 1-0: Foul Ball, location: 2F 1-1: Ground out 4-3 (Groundball, 4S)
|
Batting: LHB Jaime Icaza
|
0-0: Ball 1-0: Ball 2-0: Called Strike 2-1: Foul Ball, location: 2F 2-2: Foul Ball, location: 2F 2-2: Foul Ball, location: 2F 2-2: Foul Ball, location: 2F 2-2: DOUBLE (Line Drive, 9LS)
|
Batting: SHB Michael Aisher
|
0-0: Foul Ball, location: 2F 0-1: Ball 1-1: Fly out, F3 (Popup, 3L)
|
Top of the 7th over - 0 run(s), 1 hit(s), 0 error(s), 1 left on base; San Diego 5 - Riverside 1 |
BOTTOM OF THE 7TH |
Riverside Red Bulls batting - Pitching for San Diego Smashers : RHP Craig Lewis
|
Batting: RHB Robert Stevens
|
0-0: Ball 1-0: Swinging Strike 1-1: Foul Ball, location: 2F 1-2: Ball 2-2: Strikes out swinging
|
Batting: SHB Enrique Uribe
|
0-0: Called Strike 0-1: Ball 1-1: Ball 2-1: Fly out, F4 (Line Drive, 4)
|
Batting: RHB Patrick Daniels
|
0-0: Called Strike 0-1: Called Strike 0-2: Fly out, F9 (Flyball, 9S)
|
Bottom of the 7th over - 0 run(s), 0 hit(s), 0 error(s), 0 left on base; San Diego 5 - Riverside 1 |
TOP OF THE 8TH |
San Diego Smashers batting - Pitching for Riverside Red Bulls : RHP Máximo Salazar
|
Batting: RHB Javier González
|
0-0: Called Strike 0-1: SINGLE (Groundball, 3D)
|
Batting: RHB Fred Ameris
|
0-0: Ball 1-0: Swinging Strike Passed Ball! Javier González to second 1-1: Ball 2-1: Called Strike 2-2: Ball 3-2: Fly out, F9 (Flyball, 9S)
|
Batting: LHB Michael Myers
|
0-0: Intentional Walk
|
Batting: RHB Ray Rogers
|
0-0: Swinging Strike 0-1: Ball 1-1: DOUBLE (Flyball, 9) Javier González scores Michael Myers to third
|
Batting: RHB Nate Atkinson
|
0-0: Called Strike 0-1: SINGLE (Groundball, 6MD) Michael Myers scores Ray Rogers to third Runner from 3rd tries for Home, SAFE, throw made home
|
Pitching: LHP Pepe Gómez
|
|
Batting: RHB Gustavo Torres
|
0-0: Called Strike 0-1: Foul Ball, location: 2F 0-2: Hit by Pitch Nate Atkinson to second
|
Batting: LHB Joe Baker
|
0-0: Called Strike 0-1: Foul Ball, location: 2F 0-2: Ball 1-2: Foul Ball, location: 2F 1-2: Ball 2-2: Ball 3-2: Base on Balls Nate Atkinson to third Gustavo Torres to second
|
Batting: LHB Jaime Icaza
|
0-0: Ball 1-0: Ball 2-0: Ground out U3 (Groundball, 34S) Nate Atkinson scores Gustavo Torres to third Joe Baker to second
|
Batting: SHB Michael Aisher
|
0-0: Ball 1-0: Ball 2-0: Called Strike 2-1: Foul Ball, location: 2F 2-2: Ball 3-2: Base on Balls
|
Batting: RHB Javier González
|
0-0: Ball 1-0: Called Strike 1-1: Foul Ball, location: 2F 1-2: DOUBLE (Line Drive, 89D) Gustavo Torres scores Joe Baker scores Michael Aisher to third Runner from 3rd tries for Home, SAFE, no throw
|
Pitching: LHP Salvador Pérez
|
|
Batting: RHB Fred Ameris
|
0-0: Called Strike 0-1: Ball 1-1: Ball 2-1: Ball 3-1: Base on Balls
|
Batting: LHB Michael Myers
|
0-0: Foul Ball, location: 2F 0-1: Foul Ball, location: 2F 0-2: Ball 1-2: Foul Ball, location: 2F 1-2: Foul Ball, location: 2F 1-2: Foul Ball, location: 2F 1-2: Strikes out looking
|
Top of the 8th over - 7 run(s), 4 hit(s), 0 error(s), 2 left on base; San Diego 12 - Riverside 1 |
BOTTOM OF THE 8TH |
Riverside Red Bulls batting - Pitching for San Diego Smashers : RHP Craig Lewis
|
Pitching: RHP Rick Hernández
|
|
Batting: LHB William Wolf
|
0-0: Ball 1-0: Swinging Strike 1-1: Ground out 6-3 (Groundball, 56)
|
Batting: RHB Gilberto Tovar
|
0-0: Called Strike 0-1: Swinging Strike 0-2: Ball 1-2: Strikes out swinging
|
Batting: RHB Fernando Bórquez
|
0-0: Ball 1-0: Called Strike 1-1: Ball 2-1: Foul Ball, location: 2F 2-2: Ball 3-2: SOLO HOME RUN (Flyball, 7LD), Distance : 401 ft
|
Batting: RHB Lakota O'Reilly
|
0-0: Called Strike 0-1: Foul Ball, location: 2F 0-2: Foul Ball, location: 2F 0-2: Strikes out swinging, 2-3 out at first.
|
Bottom of the 8th over - 1 run(s), 1 hit(s), 0 error(s), 0 left on base; San Diego 12 - Riverside 2 |
TOP OF THE 9TH |
San Diego Smashers batting - Pitching for Riverside Red Bulls : LHP Salvador Pérez
|
Pinch Hitting: RHB John Nelson
|
0-0: Called Strike 0-1: Ball 1-1: Ground out 5-3 (Groundball, 56)
|
Pitching: LHP Mitch Bennett
|
|
Batting: RHB Nate Atkinson
|
0-0: Ball 1-0: Foul Ball, location: 2F 1-1: Foul Ball, location: 2F 1-2: Ball 2-2: Strikes out looking
|
Batting: RHB Gustavo Torres
|
0-0: Foul Ball, location: 2F 0-1: Ball 1-1: Ball 2-1: SINGLE (Groundball, 34S) (infield hit)
|
Batting: LHB Joe Baker
|
0-0: Ball 1-0: Swinging Strike 1-1: Fly out, F8 (Flyball, 8LM)
|
Top of the 9th over - 0 run(s), 1 hit(s), 0 error(s), 1 left on base; San Diego 12 - Riverside 2 |
BOTTOM OF THE 9TH |
Riverside Red Bulls batting - Pitching for San Diego Smashers : RHP Rick Hernández
|
Now at 3B: John Nelson
|
|
Now at SS: Walt Rodgers
|
|
Batting: RHB Harvey Mawhinney
|
0-0: Ball 1-0: Ball 2-0: Fly out, F7 (Line Drive, 7)
|
Batting: RHB José García
|
0-0: Called Strike 0-1: Ball 1-1: Ball 2-1: Foul Ball, location: 2F 2-2: Foul Ball, location: 2F 2-2: Strikes out swinging
|
Batting: RHB Robert Stevens
|
0-0: Ball 1-0: Called Strike 1-1: Called Strike 1-2: Ball 2-2: Ball 3-2: Foul Ball, location: 2F 3-2: Base on Balls
|
Batting: SHB Enrique Uribe
|
0-0: Called Strike 0-1: Swinging Strike 0-2: Foul Ball, location: 2F 0-2: DOUBLE (Flyball, 9LM) Robert Stevens to third Runner from 3rd tries for Home, SAFE, throw made at trailing runner, SAFE at third!
|
Pitching: RHP Joe Shoemaker
|
|
Batting: RHB Patrick Daniels
|
0-0: Called Strike 0-1: Swinging Strike 0-2: Ball Wild Pitch! Enrique Uribe scores 1-2: Ground out 6-3 (Groundball, 6)
|
Bottom of the 9th over - 2 run(s), 1 hit(s), 0 error(s), 0 left on base; San Diego 12 - Riverside 4 |
|